 Dungeon Crawl Stone Soup version 0.21-a0-278-ga722497 (webtiles) character file.

23799 tilp the Arsonist (level 13, -1/113 HPs)
             Began as a Hill Orc Fire Elementalist on Sept 22, 2017.
             Was a High Priest of Okawaru.
             Slain by Snorg (13 damage)
             ... on level 4 of the Lair of Beasts.
             The game lasted 01:16:38 (21278 turns).

tilp the Arsonist (Hill Orc Fire Elementalist)     Turns: 21278, Time: 01:16:39

Health: -1/113     AC: 14    Str: 10    XL:     13   Next: 9%
Magic:  8/26       EV: 13    Int: 23    God:    Okawaru [*****.]
Gold:   1109       SH:  0    Dex: 19    Spells: 15/30 levels left

rFire    + . .     SeeInvis .   O - +2 bardiche "Reacsoz" {flame, Fragile +Fly MR++ Stlth+}
rCold    + . .     Gourm    .   (shield currently unavailable)
rNeg     . . .     Faith    .   G - +0 ring mail "Aheobilo" {rPois Int+4}
rPois    +         Spirit   .   k - +1 helmet
rElec    +         Reflect  .   q - scarf {rC+ rF+}
rCorr    .         Harm     .   r - +0 pair of gloves
MR       ++...     Clarity  +   Q - +2 pair of boots "Joajut" {rElec rPois Str-2 Dex+4}
Stlth    ++........             (no amulet)
HPRegen  0.28/turn              n - +4 ring of dexterity
MPRegen  0.20/turn              o - +4 ring of slaying

@: very slightly contaminated
A: yellow scales 1, clarity
a: Heroism, Finesse, Renounce Religion, Evoke Flight


You were on level 4 of the Lair of Beasts.
You worshipped Okawaru.
Okawaru was extremely pleased with you.
You were not hungry.

You visited 3 branches of the dungeon, and saw 16 of its levels.
You also visited: Ossuary.

You collected 1109 gold pieces.

Inventory:

Hand Weapons
 D - a +4 dagger of freezing
 K - a +0 broad axe
 M - a +0 battleaxe
 O - the +2 bardiche "Reacsoz" (weapon) {flame, Fragile +Fly MR++ Stlth+}
   (Okawaru gifted it to you on level 4 of the Lair of Beasts)

   It has been specially enchanted to burn those struck by it, causing extra
   injury to most foes and up to half again as much damage against particularly
   susceptible opponents.
   Big, fiery blades are also staple armaments of hydra-hunters.
   It affects your resistance to hostile enchantments.
   It lets you fly.
   It will be destroyed if unequipped.
   It makes you more stealthy.
Missiles
 C - 16 tomahawks (quivered)
Armour
 i - the +0 robe of Snakes and Ladders {Dex+7}
   (Okawaru gifted it to you on level 1 of the Lair of Beasts)

   It affects your dexterity (+7).
 k - a +1 helmet (worn)
 q - a scarf of resistance (worn)
 r - a +0 pair of gloves (worn)
 G - the +0 ring mail "Aheobilo" (worn) {rPois Int+4}
   (You found it on level 5 of the Dungeon)

   It affects your intelligence (+4).
   It protects you from poison.
 Q - the +2 pair of boots "Joajut" (worn) {rElec rPois Str-2 Dex+4}
   (You found it on level 7 of the Dungeon)

   It affects your strength (-2).
   It affects your dexterity (+4).
   It insulates you from electricity.
   It protects you from poison.
 T - a +2 leather armour of magic resistance
 Y - a +2 robe of magic resistance
Jewellery
 n - a +4 ring of dexterity (left hand)
 o - a +4 ring of slaying (right hand)
 s - an uncursed ring of flight {unknown}
 u - an uncursed ring of protection from cold
Wands
 a - a wand of acid (6/15)
 b - a wand of polymorph (10/24)
 A - a wand of iceblast (4/15)
 H - a wand of lightning (4/15)
 I - a wand of iceblast (1/15)
 J - a wand of polymorph (5/24)
 P - a wand of confusion (16/48)
 S - a wand of enslavement (15/24)
Scrolls
 g - 8 scrolls of enchant weapon
 j - 2 scrolls of amnesia
 m - a scroll of blinking
 v - a scroll of magic mapping
 y - 7 scrolls of teleportation
 z - a scroll of fear
 E - 4 scrolls of remove curse
 F - 3 scrolls of recharging
 Z - 3 scrolls of enchant armour {unknown}
Potions
 e - 6 potions of curing
 f - 5 potions of agility
 h - a potion of berserk rage {unknown}
 l - a potion of flight {unknown}
 p - 2 potions of resistance
 x - a potion of mutation
 B - a potion of experience {unknown}
 N - 3 potions of haste
 V - a potion of invisibility {unknown}
 W - 4 potions of brilliance
Books
 U - a Young Poisoner's Handbook

   Spells                             Type                      Level
   a - Sting                          Conjuration/Poison           1
   b - Poisonous Vapours              Poison/Air                   2
   c - Mephitic Cloud                 Conjuration/Poison/Air       3
   d - Olgreb's Toxic Radiance        Poison                       4
   e - Venom Bolt                     Conjuration/Poison           5
Miscellaneous
 w - a phantom mirror
Comestibles
 c - 9 bread rations
 R - 2 meat rations


   Skills:
 - Level 10.3 Fighting
 + Level 0.4 Polearms
 - Level 5.0 Armour
 - Level 4.3 Dodging
 - Level 1.5 Stealth
 + Level 9.3 Spellcasting
 - Level 10.0 Conjurations
 - Level 11.0 Fire Magic
 - Level 6.2 Invocations


You had 15 spell levels left.
You knew the following spells:

 Your Spells              Type           Power        Failure   Level  Hunger
a - Flame Tongue          Conj/Fire      #####        1%          1    None
b - Throw Flame           Conj/Fire      ######       1%          2    None
c - Conjure Flame         Conj/Fire      ######..     1%          3    None
d - Sticky Flame          Conj/Fire      ######..     1%          4    ##.....
e - Fireball              Conj/Fire      ######....   5%          5    ####...


Dungeon Overview and Level Annotations

Branches:
Dungeon (11/15)            Temple (1/1) D:6            Lair (4/6) D:11
 Shoals (0/4) Lair:4        Snake (0/4) Lair:4          Orc (0/2) D:10

Altars:
Ashenzari
Cheibriados
Dithmenos
Elyvilon
Fedhas
Gozag
Hepliaklqana
Kikubaaqudgha
Makhleb
Nemelex Xobeh
Okawaru
Qazlal
Ru
Sif Muna
Trog
Uskayaw
Vehumet
Wu Jian
Xom
Yredelemnul
Zin
The Shining One
Beogh

Annotations:
D:2 Terence
Lair:4 Snorg


Innate Abilities, Weirdness & Mutations

You are partially covered in yellow scales. (AC +2)
You possess an exceptional clarity of mind.


Message History

The flame tongue hits Snorg.
Snorg is almost dead.
Snorg burns!
Casting: Flame Tongue
Confirm with . or Enter, or press ? or * to list all spells.
Aiming: Flame Tongue
Press: ? - help, Shift-Dir - straight line, f/p - Snorg
Aim: Snorg (almost dead, berserk, fast, unusually strong, covered in liquid flames)
The flame tongue misses Snorg.
Snorg burns!
Snorg bites you.
* * * LOW HITPOINT WARNING * * *
Snorg misses you. x2
Casting: Flame Tongue
Confirm with . or Enter, or press ? or * to list all spells.
Aiming: Sticky Flame
Press: ? - help, Shift-Dir - straight line, f/p - Snorg
Aim: Snorg (almost dead, berserk, fast, unusually strong, covered in liquid flames)
The sticky flame hits Snorg.
Snorg is almost dead.
Snorg is covered in liquid flames!
Snorg burns!
Snorg bites you!
You die...

.................. ..
................. #...
###....#####.P.. #...
#...## . #... #....## #
#... #...#.# #.#...##
#####.^.###
.##.....####.##T...P###
..............@.........
..####.####............
##P≈P.P♣≈##............
#≈.≈..≈≈♣ #..#.....####
#####P≈♣♣.♣♣≈≈##.###...#
.#..#≈≈♣...♣≈≈##.. ...#
.........>.........
.....
....#.P♣...♣≈≈#.....
....
....#..♣♣.♣♣.≈#......


You could see Snorg (berserk).

Vanquished Creatures
  Harold (Lair:3)
  3 hydras
  4 two-headed ogres
  An ugly thing (D:11)
  A cyclops (D:11)
  2 elephants
  2 merfolk sirens (Lair:4)
  Joseph (D:7)
  A black mamba (Lair:1)
  Psyche (D:8)
  A spiny frog (Lair:3)
  3 komodo dragons
  A rime drake (Lair:3)
  2 merfolk (Lair:4)
  2 trolls (D:11)
  A hornet (D:11)
  Prince Ribbit (D:8)
  15 blink frogs
  5 hippogriffs
  Sigmund (D:6)
  A spriggan (D:9)
  3 yaks (D:9)
  A wraith (D:11)
  2 basilisks
  A steam dragon (D:9)
  2 hungry ghosts
  2 humans (D:8)
  3 nagas (Lair:4)
  Edmund (D:6)
  4 water moccasins
  4 porcupines
  Duvessa (D:7)
  3 ice beasts
  3 phantoms
  5 orc warriors
  4 sky beasts
  4 black bears
  6 ogres
  3 centaurs
  7 crocodiles
  2 big kobolds
  Blork the orc (D:6)
  9 bullfrogs
  A water moccasin zombie (D:8)
  Dowan (D:7)
  5 scorpions
  4 killer bees (D:7)
  5 wights (D:11)
  2 howler monkeys
  3 crimson imps
  A bullfrog zombie (D:6)
  2 jellies
  6 orc priests
  4 hounds
  2 centaur skeletons
  6 orc wizards
  Ijyb (D:5)
  2 iguanas (D:7)
  8 worker ants
  A killer bee zombie (D:9)
  A hound skeleton (D:8)
  8 mummies (Ossuary)
  11 adders
  3 shadow imps
  An ooze (D:3)
  An adder zombie (D:9)
  2 adder skeletons (D:5)
  A worm (D:3)
  3 leopard geckos
  63 orcs
  2 ball pythons
  4 bat zombies (D:7)
  2 giant cockroaches
  4 gnoll zombies (Ossuary)
  2 goblins
  A hobgoblin (D:3)
  10 jackals
  14 kobolds
  6 quokkas
  3 bats
  3 frilled lizards
  2 hobgoblin zombies (Ossuary)
  A kobold zombie (Ossuary)
  An orc zombie (Ossuary)
  A quokka zombie (D:5)
  10 rats
  5 rat zombies (D:7)
340 creatures vanquished.

Vanquished Creatures (others)
  A centaur (D:5)
  A howler monkey (D:4)
  A crimson imp (D:5)
  An adder (D:2)
  A dart slug (D:2)
  2 orcs
  5 fungi
  4 plants
16 creatures vanquished.

Grand Total: 356 creatures vanquished

Notes
Turn   | Place    | Note
-------+----------+-------------------------------------------
     0 | D:1      | tilp the Hill Orc Fire Elementalist began the quest for the Orb.
     0 | D:1      | Reached XP level 1. HP: 14/14 MP: 3/3
   999 | D:2      | Reached XP level 2. HP: 20/20 MP: 2/4
  1174 | D:2      | Noticed Terence
  1180 | D:2      | Learned a level 2 spell: Throw Flame
  1289 | D:2      | Found a faded altar of an unknown god.
  1778 | D:2      | Reached XP level 3. HP: 23/26 MP: 5/5
  2062 | D:3      | Reached skill level 4 in Fire Magic
  2062 | D:3      | Reached XP level 4. HP: 33/33 MP: 2/6
  2143 | D:3      | Learned a level 3 spell: Conjure Flame
  2488 | D:3      | Found an ornate altar of the Wu Jian Council.
  2491 | D:3      | Found a hide-covered altar of Uskayaw.
  2494 | D:3      | Found a snail-covered altar of Cheibriados.
  2670 | D:4      | Reached XP level 5. HP: 14/38 MP: 3/8
  2840 | D:4      | Found a hazy altar of Hepliaklqana.
  2848 | D:4      | Noticed a centaur
  2854 | D:4      | Killed a centaur
  3303 | D:4      | Reached XP level 6. HP: 45/45 MP: 9/9
  3561 | D:4      | Found a shimmering altar of Xom.
  3937 | D:4      | Learned a level 4 spell: Sticky Flame
  3959 | D:4      | Reached skill level 5 in Fire Magic
  4453 | D:4      | Found a deep blue altar of Sif Muna.
  4622 | D:5      | Entered Level 5 of the Dungeon
  5037 | D:5      | Reached XP level 7. HP: 50/50 MP: 11/11
  5045 | D:5      | Got a heavily runed ring mail
  5056 | D:5      | Identified the +0 ring mail "Aheobilo" {rPois Int+4} (You found it on level 5 of the Dungeon)
  5195 | D:5      | Reached skill level 5 in Conjurations
  5596 | D:5      | Reached skill level 6 in Fire Magic
  5640 | D:5      | Noticed Ijyb
  5654 | D:5      | Killed Ijyb
  5903 | D:5      | Found a shattered altar of Ashenzari.
  5984 | D:5      | Reached XP level 8. HP: 24/57 MP: 4/13
  6303 | D:5      | Found a burning altar of Makhleb.
  6426 | D:6      | Found a staircase to the Ecumenical Temple.
  6444 | D:6      | Found a sand-covered staircase.
  6451 | Ossuary  | Entered an ossuary
  7035 | Ossuary  | Gained mutation: You are clumsy. (Dex -2) [mutagenic glow]
  7079 | Temple   | Entered the Ecumenical Temple
  7091 | Temple   | Became a worshipper of Warmaster Okawaru
  7384 | D:6      | Found a basalt altar of Yredelemnul.
  7398 | D:6      | Noticed Sigmund
  7406 | D:6      | Killed Sigmund
  7483 | D:6      | Noticed Edmund
  7496 | D:6      | Killed Edmund
  7524 | D:6      | Noticed Blork the orc
  7541 | D:6      | Killed Blork the orc
  7541 | D:6      | Reached skill level 7 in Fire Magic
  7715 | D:6      | Found a bloodstained altar of Trog.
  7812 | D:6      | Found a shadowy altar of Dithmenos.
  7886 | D:6      | Reached * piety under Okawaru
  8190 | D:6      | Reached skill level 5 in Spellcasting
  8190 | D:6      | Reached XP level 9. HP: 62/62 MP: 7/16
  8255 | D:6      | Learned a level 5 spell: Fireball
  8439 | D:7      | Noticed Joseph
  8450 | D:7      | Killed Joseph
  8514 | D:7      | Reached skill level 8 in Fire Magic
  8524 | D:7      | Found a stormy altar of Qazlal.
  8581 | D:7      | Reached ** piety under Okawaru
  8581 | D:7      | Reached skill level 1 in Fighting
  8671 | D:7      | Found an ancient bone altar of Kikubaaqudgha.
  8672 | D:7      | Got a pair of scorched boots
  8683 | D:7      | Identified the +2 pair of boots "Joajut" {rElec rPois Str-2 Dex+4} (You found it on level 7 of the Dungeon)
  8759 | D:7      | Noticed Duvessa
  8759 | D:7      | Noticed Dowan
  8784 | D:7      | Killed Duvessa
  8803 | D:7      | Killed Dowan
  9906 | D:7      | Reached *** piety under Okawaru
  9961 | D:8      | Noticed Psyche
 10019 | D:7      | Reached skill level 9 in Fire Magic
 10275 | D:7      | Reached XP level 10. HP: 58/80 MP: 9/19
 10320 | D:7      | Gained mutation: Your movements are slightly less encumbered by armour. (ER -2) [mutagenic meat]
 10321 | D:7      | Gained mutation: You are occasionally teleported next to monsters. [mutagenic meat]
 10403 | D:8      | Reached skill level 5 in Fighting
 10447 | D:8      | Killed Psyche
 10784 | D:8      | Lost mutation: You are clumsy. (Dex -2) [potion of mutation]
 10784 | D:8      | Lost mutation: You are occasionally teleported next to monsters. [potion of mutation]
 10784 | D:8      | Lost mutation: Your movements are slightly less encumbered by armour. (ER -2) [potion of mutation]
 10784 | D:8      | Gained mutation: You are partially covered in yellow scales. (AC +2) [potion of mutation]
 10784 | D:8      | Gained mutation: You possess an exceptional clarity of mind. [potion of mutation]
 11754 | D:8      | Found a roughly hewn altar of Beogh.
 11830 | D:8      | Noticed Prince Ribbit
 11849 | D:8      | Killed Prince Ribbit
 11917 | D:8      | Found an iron altar of Okawaru.
 11928 | D:8      | Reached skill level 10 in Fire Magic
 12139 | D:9      | Reached **** piety under Okawaru
 12267 | D:9      | Noticed a two-headed ogre
 12279 | D:9      | Killed a two-headed ogre
 12580 | D:9      | Reached ***** piety under Okawaru
 13039 | D:9      | Reached XP level 11. HP: 94/94 MP: 15/22
 13633 | D:10     | Entered Level 10 of the Dungeon
 13775 | D:10     | Noticed a two-headed ogre
 13786 | D:10     | Killed a two-headed ogre
 13786 | D:10     | Reached skill level 11 in Fire Magic
 14073 | D:10     | Found a staircase to the Orcish Mines.
 14396 | D:11     | Noticed a two-headed ogre
 14408 | D:11     | Killed a two-headed ogre
 14700 | D:11     | Found a staircase to the Lair.
 14961 | D:11     | Received a gift from Okawaru
 15011 | D:11     | Noticed a purple ugly thing
 15024 | D:11     | Killed a purple ugly thing
 15121 | D:11     | Noticed a cyclops
 15134 | D:11     | Killed a cyclops
 15630 | D:11     | Noticed a seven-headed hydra
 15630 | D:11     | Noticed a two-headed ogre
 15638 | D:11     | Killed a seven-headed hydra
 15647 | D:11     | Killed a two-headed ogre
 15647 | D:11     | Reached skill level 10 in Fighting
 16117 | D:11     | Reached XP level 12. HP: 101/106 MP: 13/24
 16383 | Lair:1   | Entered Level 1 of the Lair of Beasts
 16641 | Lair:1   | Received a gift from Okawaru
 16641 | Lair:1   | Reached skill level 1 in Invocations
 16644 | Lair:1   | Got a silken robe {god gift}
 16707 | Lair:1   | Identified the +0 robe of Snakes and Ladders {Dex+7} (Okawaru gifted it to you on level 1 of the Lair of Beasts)
 16799 | Lair:1   | Reached skill level 1 in Armour
 17184 | Lair:1   | Found a shimmering altar of Xom.
 17989 | Lair:2   | Noticed an eight-headed hydra
 17998 | Lair:2   | Killed an eight-headed hydra
 18719 | Lair:3   | Noticed Harold
 18734 | Lair:3   | Killed Harold
 19744 | Lair:3   | Reached skill level 5 in Invocations
 19851 | Lair:3   | Noticed a seven-headed hydra
 19862 | Lair:3   | Killed a seven-headed hydra
 20717 | Lair:4   | Noticed a seven-headed hydra
 20730 | Lair:4   | Found a burning altar of Makhleb.
 20854 | Lair:4   | Found a staircase to the Snake Pit.
 20879 | Lair:4   | Reached XP level 13. HP: 103/113 MP: 15/26
 20977 | Lair:4   | Found a staircase to the Shoals.
 20988 | Lair:4   | Reached skill level 10 in Conjurations
 21012 | Lair:4   | Received a gift from Okawaru
 21015 | Lair:4   | Got a smoking bardiche {god gift}
 21018 | Lair:4   | Identified the +2 bardiche "Reacsoz" {flame, Fragile +Fly MR++ Stlth+} (Okawaru gifted it to you on level 4 of the Lair of Beasts)
 21070 | Lair:4   | Reached skill level 5 in Armour
 21261 | Lair:4   | Noticed Snorg
 21278 | Lair:4   | Slain by Snorg

Vault maps used:
D:1:      lemuel_arrival_muddy
D:2:      chequers_ecumenical_altar_grove, uniq_terence
D:3:      grunt_temple_overflow_diamond, first_bread, wad_floor_pattern_2
D:4:      led_sif_book, kennysheep_mini, overflow_temple_1_default
D:5:      lemuel_coloured_pillars_altar, lemuel_round_altar, uniq_ijyb
D:6:      nicolae_overflow_crystal_walls, lemuel_crystal_altar,
          old_standard_altar, enter_ossuary_1, uniq_edmund, uniq_blork_the_orc,
          uniq_sigmund
D:7:      lemuel_zombie_altar_kikubaaqudgha, grunt_qazlal_clouds, uniq_duvessa,
          uniq_joseph
D:8:      special_room, okawaru_humans, uniq_psyche, uniq_prince_ribbit1
D:9:      the_bakery
D:10:     solitary_fountain, ldierk_geyser
D:11:     lair_entry_dummy
Temple:   dpeg_three_leaves_temple
Lair:1:   basic_altar
Lair:3:   grunt_megastairs_3, uniq_harold
Lair:4:   elwin_shoals_entry_stream, guppyfry_snake_entry_garden, basic_altar,
          uniq_snorg
Ossuary:  ossuary_tomb_3

Skill      XL: |  1  2  3  4  5  6  7  8  9 10 11 12 13 |
---------------+----------------------------------------+-----
Conjurations   | 2 3 4 5 6 7 8 9 10 | 10.0
Fire Magic     | 4 5 6 7 9 10 11 | 11.0
Spellcasting   | 2 3 5 6 7 8 9 |  9.3
Fighting       | 4 7 10 | 10.3
Invocations    | 5 6 |  6.2
Armour         | 4 5 |  5.0
Dodging        | 4 |  4.3
Polearms       | |  0.4
Stealth        | |  1.5

Action                   |  1- 3 |  4- 6 |  7- 9 | 10-12 | 13-15 || total
-------------------------+-------+-------+-------+-------+-------++-------
Melee: Dagger            |    33 |   117 |   246 |   485 |     8 ||   889
       Punch             |       |       |       |     2 |       ||     2
       Bardiche          |       |       |       |       |     3 ||     3
Throw: Tomahawk          |       |     4 |       |     7 |       ||    11
       Stone             |       |     1 |       |     3 |       ||     4
 Cast: Flame Tongue      |    19 |    41 |   156 |   238 |    23 ||   477
       Throw Flame       |     2 |     3 |    21 |    31 |     3 ||    60
       Conjure Flame     |       |     5 |    19 |    57 |       ||    81
       Sticky Flame      |       |       |    12 |    63 |     5 ||    80
       Fireball          |       |       |       |     1 |     1 ||     2
Invok: Heroism           |       |       |     1 |    10 |       ||    11
Evoke: Wand              |       |       |     1 |     2 |       ||     3
  Use: Potion            |       |       |     1 |     1 |     1 ||     3
       Scroll            |       |       |    13 |     6 |     2 ||    21
 Stab: Sleeping          |     4 |     1 |       |     1 |       ||     6
  Eat: Royal jelly       |     1 |       |     2 |     1 |       ||     4
       Chunk             |     2 |    10 |    10 |    23 |     1 ||    46
       Meat ration       |       |       |     1 |     2 |       ||     3
       Fruit             |       |       |       |     2 |     1 ||     3
       Bread ration      |       |       |       |     2 |       ||     2
Armor: Robe              |     5 |    18 |       |       |       ||    23
       Ring mail         |       |       |   136 |   262 |     6 ||   404
Dodge: Dodged            |    14 |    62 |   167 |   251 |    16 ||   510

Table legend:
 A = Spawn XP
 B = Non-spawn XP
 C = Spawn XP percentage of total XP
 D = Spawn monster count
 E = Non-spawn monster count
 F = Spawn count percentage of total count
 G = Total turns spent on level
                    A         B        C        D         E        F      G
               +---------+---------+-------+---------+---------+-------+---------
         Total |       0 |   33999 |   0.0 |       0 |     347 |   0.0 | 21278
               +---------+---------+-------+---------+---------+-------+---------
           D:1 |       0 |       6 |   0.0 |       0 |       4 |   0.0 |   662
           D:2 |       0 |      30 |   0.0 |       0 |      15 |   0.0 |  1288
           D:3 |       0 |      98 |   0.0 |       0 |      16 |   0.0 |   680
           D:4 |       0 |     433 |   0.0 |       0 |      24 |   0.0 |  2282
           D:5 |       0 |     738 |   0.0 |       0 |      34 |   0.0 |  1493
           D:6 |       0 |    1079 |   0.0 |       0 |      18 |   0.0 |  1477
           D:7 |       0 |    2212 |   0.0 |       0 |      43 |   0.0 |  1804
           D:8 |       0 |    2616 |   0.0 |       0 |      45 |   0.0 |  1747
           D:9 |       0 |    2991 |   0.0 |       0 |      30 |   0.0 |  1509
          D:10 |       0 |    1338 |   0.0 |       0 |      12 |   0.0 |  1074
          D:11 |       0 |    6938 |   0.0 |       0 |      35 |   0.0 |  1676
        Lair:1 |       0 |    1800 |   0.0 |       0 |       9 |   0.0 |  1043
        Lair:2 |       0 |    3230 |   0.0 |       0 |      12 |   0.0 |  1664
        Lair:3 |       0 |    7632 |   0.0 |       0 |      25 |   0.0 |  1611
        Lair:4 |       0 |    2703 |   0.0 |       0 |       9 |   0.0 |   577
       Ossuary |       0 |     155 |   0.0 |       0 |      16 |   0.0 |   614
               +---------+---------+-------+---------+---------+-------+---------
